Map: Neon Violet Square LE

Players

Juxtapose - Winner!

  • Race: Zerg Zerg
  • League: Platinum
  • Spawn Location: 11:00

PapaBear

  • Race: Terran Terran
  • League: Platinum
  • Spawn Location: 5:00

VOD

https://youtu.be/S7xQhwlsoWM

Description

There's something about a turtling Terran that I always find intimidating, and as I struggle to crack them my macro tends to strongly slip, especially as Zerg.

In brief, I play pretty sloppy this match, but tried my best to keep my opponent contained and starve them. If only I could have kept my own macro and production on-point while doing it. Something else to work on.

Time

  • Played on: Feb. 15, 2018, 8:34 p.m.
  • Length: 25:07
Show
View Real Time Build Order
Export as new Build Order

Juxtapose Zerg - Winner!

Build Orders: Hatch First 

Get SALT Encoding   

  12  0:01  Drone  
  13  0:09  Drone  
  14  0:18  Overlord  
  14  0:37  Drone x2  
  16  0:52  Hatchery  
  16  0:54  Drone  
  16  1:05  Drone  
  16  1:06  Extractor  
  16  1:17  Spawning Pool  
  15  1:19  Drone  
  16  1:27  Overlord  
  16  1:33  Drone  
  16  1:38  Drone  
  18  1:42  Drone  
  19  1:53  Drone  
  20  2:03  Queen  
  20  2:07  Queen  
  24  2:10  Zergling x2  
  24  2:14  Zergling x2  
  26  2:19  Zergling x2  
  26  2:21  Zergling x2  
  28  2:28  Metabolic Boost  
  28  2:32  Drone  
  28  2:34  Drone  
  30  2:40  Drone  
  31  2:53  Drone x3  
  31  2:58  Extractor  
  33  3:09  Drone x3  
  33  3:11  Overlord  
  36  3:15  Lair  
  36  3:30  Drone x5  
  36  3:32  Drone  
  42  3:44  Evolution Chamber  
  42  3:45  Drone x3  
  42  3:47  Overlord  
  44  4:05  Overlord, Queen  
  44  4:08  Drone x5  
  51  4:20  Hydralisk Den  
  50  4:25  Drone x2  
  50  4:26  Drone x3  
  50  4:27  Drone x3  
  58  4:32  Extractor  
  58  4:33  Extractor  
  56  4:51  Hydralisk x2  
  56  4:52  Overlord x2  
  60  4:55  Grooved Spines  
  60  5:11  Overlord x2  
  60  5:12  Zerg Missile Weapons Level 1, Hatchery  
  60  5:13  Hydralisk x2  
  63  5:16  Hydralisk  
  63  5:20  Overseer  
  65  5:22  Overseer  
  65  5:32  Hydralisk x3  
  65  5:33  Hydralisk  
  73  5:45  Overseer  
  73  5:48  Hydralisk x4  
  81  6:03  Infestation Pit  
  80  6:09  Hydralisk x3  
  86  6:11  Zergling x2  
  86  6:12  Zergling x8  
  86  6:14  Overlord  
  91  6:33  Hydralisk x2  
  91  6:34  Hydralisk x2  
  99  6:56  Spire  
  99  6:57  Drone x3  
  99  7:00  Drone  
  99  7:01  Drone x3  
  105  7:07  Zerg Ground Armor Level 1  
  105  7:28  Hive  
  105  7:33  Overlord x3  
  105  7:38  Drone  
  105  7:41  Extractor  
  105  7:42  Extractor  
  104  7:52  Muscular Augments  
  104  7:54  Overseer  
  104  8:12  Mutalisk x2  
  104  8:13  Mutalisk x3  
  104  8:15  Zergling x4  
  104  8:16  Zergling x14  
  123  8:36  Drone x3  
  123  8:38  Mutalisk x2  
  123  8:39  Overlord x2  
  123  8:40  Overlord  
  130  8:44  Greater Spire  
  130  9:07  Hatchery  
  129  9:11  Mutalisk x4  
  129  9:12  Zergling x6  
  129  9:13  Overlord x2, Zergling x2  
  133  9:56  Corruptor x3  
  133  9:57  Corruptor x3  
  145  10:20  Drone  
  146  10:23  Drone x2  
  146  10:24  Drone  
  146  10:28  Corruptor x3  
  155  10:52  Brood Lord x2, Corruptor x3  
  165  10:58  Extractor  
  165  11:00  Drone x2, Extractor  
  165  11:01  Drone x3  
  165  11:02  Overlord x3, Drone x2  
  165  11:04  Corruptor x2  
  170  11:07  Zergling x4  
  176  11:17  Overlord x3  
  176  11:21  Brood Lord  
  176  11:22  Brood Lord  
  180  12:04  Zergling x8  
  180  12:05  Zergling x14  
  180  12:06  Zergling x2  
  114  12:45  Corruptor x6  
  114  12:46  Corruptor x6  
  114  12:47  Corruptor, Zergling x6  
  114  12:48  Zergling x6  
  98  13:07  Overlord x3  
  98  13:12  Corruptor x3  
  98  13:13  Corruptor x3  
  110  13:34  Zerg Flyer Weapons Level 1  
  110  13:37  Zerg Missile Weapons Level 2  
  110  13:41  Overseer x2  
  110  13:44  Hatchery  
  109  13:49  Pneumatized Carapace  
  109  14:07  Hydralisk x3  
  109  14:08  Hydralisk x6  
  109  14:09  Hydralisk x3  
  133  14:36  Corruptor x3  
  133  14:37  Corruptor x3  
  145  15:00  Drone  
  142  15:48  Corruptor x8  
  152  15:59  Extractor  
  152  16:00  Zerg Flyer Armor Level 1  
  152  16:01  Zerg Ground Armor Level 2  
  141  16:13  Overseer  
  141  16:17  Spore Crawler  
  130  16:24  Spore Crawler  
  129  16:26  Spore Crawler  
  129  16:28  Drone x2  
  129  16:29  Drone  
  131  16:39  Queen  
  131  16:42  Queen  
  131  16:44  Overseer x2  
  135  16:49  Spore Crawler  
  134  17:04  Hatchery  
  133  17:16  Corruptor x3  
  133  17:17  Corruptor x3  
  133  17:18  Zergling x10  
  134  17:36  Zergling x2  
  134  17:37  Zergling x14  
  137  17:38  Zergling x6  
  142  17:57  Hydralisk x3  
  142  17:58  Hydralisk  
  114  18:11  Corruptor  
  100  18:23  Extractor  
  97  18:34  Drone  
  98  18:45  Brood Lord x2  
  102  18:49  Spore Crawler  
  101  19:15  Corruptor x4, Extractor  
  108  19:26  Extractor  
  108  19:29  Brood Lord  
  108  19:30  Brood Lord  
  109  19:45  Brood Lord x2  
  102  20:07  Drone x3  
  102  20:10  Drone x3  
  108  20:29  Drone  
  108  20:30  Drone x2  
  111  20:42  Hatchery  
  111  20:43  Corruptor x3  
  111  20:44  Hydralisk  
  111  20:46  Zergling x2  
  111  21:16  Drone  
  111  21:17  Drone x2  
  111  21:19  Queen  
  111  21:29  Zerg Flyer Weapons Level 2  
  111  21:42  Drone x3  
  111  21:45  Overseer  
  114  21:54  Queen  
  115  22:03  Brood Lord x3  
  115  22:05  Brood Lord x2  
  125  22:18  Drone x3  
  125  22:22  Queen  
  130  22:27  Drone x2  
  130  22:28  Drone  
  133  22:31  Corruptor, Drone x4  
  133  22:32  Corruptor x2, Drone x2  
  133  22:33  Zergling x2  
  146  22:57  Queen  
  138  23:16  Hydralisk x2  
  138  23:17  Corruptor x4, Hydralisk x2  
  138  23:18  Corruptor  
  138  23:19  Zergling x8, Hydralisk x3  
  152  23:20  Hydralisk  
  142  23:57  Corruptor x5  
  142  23:58  Corruptor x4  
  142  24:00  Drone  
  161  24:20  Corruptor  
  161  24:21  Corruptor x2  
  139  25:01  Hatchery  
Show
View Real Time Build Order
Export as new Build Order

PapaBear Terran 

Build Orders:  

Get SALT Encoding   

  12  0:02  SCV  
  13  0:14  SCV  
  14  0:23  Supply Depot  
  14  0:26  SCV  
  15  0:36  Supply Depot  
  15  0:45  SCV  
  15  0:49  Barracks  
  16  0:57  SCV  
  16  1:02  Refinery  
  17  1:09  SCV  
  18  1:13  Refinery  
  18  1:21  SCV  
  19  1:33  SCV  
  20  1:45  SCV  
  21  1:50  Reaper  
  22  1:56  Command Center  
  22  1:58  SCV  
  23  2:10  SCV  
  24  2:22  Reaper  
  25  2:23  SCV  
  26  2:36  SCV  
  27  2:45  Command Center  
  27  2:48  SCV  
  28  2:57  Factory  
  28  3:22  Orbital Command  
  28  3:25  Engineering Bay  
  28  3:46  Refinery  
  28  3:47  Factory Tech Lab  
  28  3:55  Starport  
  28  3:56  Starport  
  28  3:57  Planetary Fortress  
  28  4:30  Refinery  
  28  4:33  Planetary Fortress  
  28  4:37  SCV  
  29  4:44  Siege Tank  
  32  4:49  SCV  
  33  4:57  SCV  
  33  4:58  Liberator  
  34  5:01  SCV, Liberator  
  35  5:09  SCV  
  35  5:14  SCV  
  37  5:21  SCV  
  44  5:23  SCV  
  44  5:26  SCV  
  46  5:29  Refinery  
  46  5:32  Refinery  
  46  5:33  SCV  
  46  5:35  SCV  
  48  5:38  SCV  
  48  5:42  Liberator  
  49  5:45  SCV  
  49  5:47  SCV  
  51  5:50  SCV  
  51  5:56  Command Center, Siege Tank  
  55  5:57  SCV  
  55  6:02  SCV  
  55  6:03  SCV  
  61  6:43  Supply Depot x2  
  61  6:44  Supply Depot  
  61  6:45  Supply Depot  
  61  6:47  Liberator, Supply Depot  
  61  6:58  Command Center  
  61  7:05  SCV  
  65  7:12  Sensor Tower  
  65  7:18  SCV  
  66  7:23  Liberator  
  66  7:30  SCV, Siege Tank  
  66  7:33  SCV  
  71  7:42  SCV  
  75  7:45  SCV  
  75  7:47  Orbital Command  
  76  7:54  SCV  
  76  7:57  SCV  
  78  8:02  Siege Tank  
  78  8:03  Starport  
  80  8:06  SCV, Starport x2  
  80  8:08  Starport  
  80  8:09  Armory  
  80  8:10  Starport  
  81  8:19  SCV  
  82  8:28  Orbital Command  
  82  8:31  SCV  
  83  8:44  Armory  
  83  8:45  Missile Turret  
  83  8:46  Missile Turret x2  
  83  8:49  Fusion Core  
  83  9:03  Starport Tech Lab x4  
  83  9:04  Starport Tech Lab x3  
  83  9:06  Missile Turret  
  83  9:08  Missile Turret x2  
  79  9:39  Liberator x2  
  79  9:40  Liberator x5  
  99  10:12  Missile Turret x2  
  99  10:16  Missile Turret, Hi-Sec Auto Tracking  
  99  10:17  Missile Turret x2  
  99  10:19  Missile Turret, SCV  
  100  10:22  Liberator  
  100  10:23  Missile Turret  
  100  10:29  Refinery  
  100  10:30  Refinery  
  100  10:31  SCV  
  100  10:35  Missile Turret  
  104  10:43  SCV  
  104  10:48  Terran Ship Weapons Level 1  
  104  10:49  Terran Vehicle And Ship Armor Level 1  
  105  10:51  Battlecruiser  
  105  10:55  SCV  
  112  11:07  SCV  
  113  11:13  Building Armor  
  113  11:15  Supply Depot  
  113  11:18  Supply Depot  
  113  11:19  Supply Depot  
  113  11:22  Supply Depot  
  113  11:24  Supply Depot  
  113  11:27  Supply Depot  
  113  11:36  Battlecruiser  
  113  11:39  Battlecruiser x2  
  131  11:46  Command Center  
  131  11:48  Battlecruiser  
  131  11:54  Banshee x2  
  137  11:55  Banshee  
  114  13:10  Banshee x3  
  114  13:11  Banshee x4  
  135  13:33  Refinery  
  135  13:53  Banshee x5  
  135  13:54  Banshee  
  156  13:58  Cloaking Field  
  156  14:08  Hyperflight Rotors  
  148  14:33  Viking  
  148  14:36  Viking x5  
  148  14:37  Viking  
  159  15:03  Viking  
  161  15:17  Terran Vehicle And Ship Armor Level 2, Terran Ship Weapons Level 2  
  161  15:27  Viking x3  
  161  15:56  Command Center  
  158  16:53  Command Center  
  158  17:08  Viking x2  
  162  17:19  Battlecruiser  
  162  17:20  Command Center x2  
  162  17:22  Battlecruiser  
  162  17:24  Battlecruiser  
  153  17:40  Battlecruiser  
  159  17:46  Supply Depot  
  159  17:48  Supply Depot  
  137  18:04  Planetary Fortress  
  100  18:14  Viking x3  
  89  18:23  Viking  
  89  18:26  Viking  
  84  18:33  Missile Turret  
  84  18:34  Missile Turret  
  84  18:35  Missile Turret  
  84  18:38  Missile Turret  
  84  18:48  Viking  
  86  19:17  Viking, Sensor Tower  
  87  20:13  Terran Ship Weapons Level 3  
  87  20:14  Terran Vehicle And Ship Armor Level 3  
  81  21:23  Viking  
  81  21:24  Viking x5  
  81  21:51  Sensor Tower  
  81  22:17  Viking x3  
  77  22:57  Viking x2  
Tags
 
Add a new tag
Caveats
  • Supply blocks, unpowered buildings, or Contaminate may cause inaccurate times.
  • Supply counts are checked every 10 seconds.